 Dungeon Crawl Stone Soup version 0.32-a0-675-gdc239d62e1 (webtiles) character file.

Game seed: 17218685704264804183

792 BirdAdvisor the Skirmisher (level 8, 0/54 HPs)
             Began as a Formicid Hexslinger on Mar 11, 2024.
             Incinerated by a bombardier beetle (4 damage)
             ... with a burning spray
             ... on level 5 of the Dungeon.
             The game lasted 00:07:01 (4619 turns).

BirdAdvisor the Skirmisher (Formicid Hexslinger)    Turns: 4619, Time: 00:07:01

Health: 0/54       AC:  4    Str: 19    XL:     8   Next: 12%
Magic:  8/9        EV: 12    Int: 13    God:
Gold:   179        SH:  0    Dex: 18    Spells: 7/9 levels left

rFire   . . .        a - +2 sling (freeze)
rCold   . . .        (no shield)
rNeg    . . .        s - +1 leather armour
rPois   .            (helmet unavailable)
rElec   .            (no cloak)
rCorr   .            (no gloves)
SInv    +            (no boots)
Will    .....        (no amulet)
Stlth   +            q - +6 ring of strength
HPRegen 0.29/turn    (no ring)
MPRegen 0.11/turn

%: no passive effects
@: on fire, weak-willed, jinxed, glowing
A: permanent stasis, dig shafts and tunnels, antennae 3, four strong arms
a: Dig, Shaft Self


You were on level 5 of the Dungeon.
You visited 2 branches of the dungeon, and saw 6 of its levels.
You also visited: Sewer.

You collected 179 gold pieces.

Inventory:

Hand Weapons
 a - a +2 sling of freezing (weapon)
Missiles
 h - 3 curare-tipped darts
Armour
 c - a +0 robe
 e - a +0 ring mail
 j - a +0 pair of boots
 s - a +1 leather armour (worn)
Jewellery
 q - a +6 ring of strength (left hand)
Wands
 x - a wand of flame (10)
Scrolls
 b - 2 scrolls of poison
 i - 2 scrolls of brand weapon
 k - 2 scrolls of immolation
 p - a scroll of torment
 t - 2 scrolls of enchant armour
 u - a scroll of blinking {@r4}
 y - a scroll of fear
 B - a scroll of butterflies {unknown}
Potions
 d - 2 potions of magic
 f - a potion of degeneration
 g - a potion of haste {unknown}
 l - a potion of resistance {unknown}
 m - a potion of ambrosia {unknown}
 n - a potion of might {unknown}
 o - a potion of berserk rage {unknown}
 r - a potion of lignification {unknown}
 v - a potion of invisibility {unknown}
 w - 5 potions of curing {unknown}
 z - 2 potions of heal wounds {unknown}
 A - a potion of attraction {unknown}


   Skills:
 - Level 1.1 Fighting
 * Level 8.8 Ranged Weapons
 - Level 1.7 Dodging
 - Level 1.1 Spellcasting
 - Level 3.6 Hexes
 - Level 1.0 Fire Magic


You had 7 spell levels left.
You knew the following spells:

 Your Spells              Type           Power      Damage    Failure   Level
a - Jinxbite              Hex            20%        N/A       12%         2

Your spell library contained the following spells:

 Spells                   Type           Power      Damage    Failure   Level
 Sigil of Binding         Hex            10%        N/A       22%         3
 Foxfire                  Conj/Fire      8%         2x1d4     26%         1
 Inner Flame              Hex/Fire       6%         N/A       36%         3
 Cause Fear               Hex            5%         N/A       58%         4
 Fugue of the Fallen      Necr           0%         N/A       69%         3
 Ozocubu's Armour         Ice            0%         N/A       69%         3
 Dimensional Bullseye     Hex/Tloc       2%         N/A       83%         4
 Manifold Assault         Tloc           0%         N/A       97%         4
 Yara's Violent Unravell  Hex/Alch       2%         3d3       99%         5
 Plasma Beam              Fire/Air       1%         2x1d11    100%        6
 Starburst                Conj/Fire      1%         6d3       100%        6
 Enfeeble                 Hex            5%         N/A       100%        7


Dungeon Overview and Level Annotations

Branches:
Dungeon (5/15)             Temple (1/1) D:4           Sewer (visited)

Altars:
Cheibriados
Dithmenos
Elyvilon
Hepliaklqana
Nemelex Xobeh
Qazlal
Trog
Uskayaw
Vehumet
Wu Jian
Xom
Yredelemnul
The Shining One
Ignis

Annotations:
D:3 Ijyb


Innate Abilities, Weirdness & Mutations

You cannot be hasted, slowed, berserked, paralysed or teleported.
You can dig through walls and to a lower floor.
You have a pair of large antennae on your head. (SInv)
Your four strong arms can wield two-handed weapons with a shield.


Message History

Press: ? - help, Q - select action, (/) - cycle Shift-Dir - straight line, f/p - bombardier beetle
Aim: a bombardier beetle (almost dead, chance to call a sprite on attack: 44%, 75% to hit)
You shoot a sling bullet.
The sling bullet closely misses the bombardier beetle.
You hear the slow hiss of an avalanche of sand very nearby.
The liquid fire burns you!
The bombardier beetle closely misses you.
Fire: a) +2 sling (freeze)
Press: ? - help, Q - select action, (/) - cycle Shift-Dir - straight line, f/p - bombardier beetle
Aim: a bombardier beetle (almost dead, chance to call a sprite on attack: 44%, 75% to hit)
You shoot a sling bullet.
The sling bullet closely misses the bombardier beetle.
The liquid fire burns you!
Fire: a) +2 sling (freeze)
Press: ? - help, Q - select action, (/) - cycle Shift-Dir - straight line, f/p - bombardier beetle
Aim: a bombardier beetle (almost dead, chance to call a sprite on attack: 44%, 75% to hit)
You shoot a sling bullet.
The sling bullet barely misses the bombardier beetle.
The liquid fire burns you!
* * * LOW HITPOINT WARNING * * *
The bombardier beetle sprays incendiary fluid at you.
The burning spray hits you.
You are even more covered in liquid fire!
Fire: a) +2 sling (freeze)
Press: ? - help, Q - select action, (/) - cycle Shift-Dir - straight line, f/p - bombardier beetle
Aim: a bombardier beetle (almost dead, chance to call a sprite on attack: 44%, 75% to hit)
You shoot a sling bullet.
The sling bullet hits the bombardier beetle but does no damage.
The bombardier beetle is almost dead.
The liquid fire burns you!
* * * LOW HITPOINT WARNING * * *
You shake off some of the fire as you move.
The liquid fire burns you!
* * * LOW HITPOINT WARNING * * *
You shake off some of the fire as you move.
The liquid fire burns you!
* * * LOW HITPOINT WARNING * * *
You shake off some of the fire as you move.
The liquid fire burns you!
You die...

...........# ...
..., ........[..#
#.. .),,
...........# #.##)#
...........# #.#..
...........# #.#.#
...........# #.#o#
...........# ##.B)#
...........####..###
...........'....@#
...........####.##
...........# #.#
...........# #.#
...........# ...
........(..# ..#
...........# ....
############ ####
###


You could see a bombardier beetle and an orc.

Vanquished Creatures
  A crocodile (Sewer)
  A kobold brigand (Sewer)
  A scorpion (D:5)
  A howler monkey (D:4)
  3 hounds
  A jelly (D:4)
  Jessica (D:2)
  3 orc wizards
  An iguana (D:4)
  Natasha (thrice) (D:4)
  A gnoll (D:1)
  9 adders
  A river rat (Sewer)
  A shadow imp (D:5)
  2 ribbon worms (Sewer)
  2 dart slugs
  10 orcs
  5 ball pythons
  9 endoplasms
  A giant cockroach (D:3)
  7 goblins
  7 hobgoblins
  9 jackals
  7 kobolds
  A quokka (D:1)
  9 bats
  3 frilled lizards
  8 rats
108 creatures vanquished.

Notes
Turn   | Place    | Note
-------+----------+-------------------------------------------
     0 | D:1      | BirdAdvisor the Formicid Hexslinger began the quest for the
                  | Orb.
     0 | D:1      | Reached XP level 1. HP: 15/15 MP: 2/2
    86 | D:1      | Reached XP level 2. HP: 21/21 MP: 3/3
   153 | D:1      | Reached skill level 3 in Ranged Weapons
   240 | D:1      | Reached XP level 3. HP: 22/26 MP: 4/4
   979 | D:2      | Noticed Jessica
   981 | D:2      | Killed Jessica
   982 | D:2      | Reached skill level 4 in Ranged Weapons
   982 | D:2      | Reached XP level 4. HP: 32/32 MP: 5/5
  1337 | D:2      | Learned a level 2 spell: Jinxbite
  1386 | D:3      | Reached XP level 5. HP: 34/37 MP: 3/6
  1655 | D:3      | Reached skill level 5 in Ranged Weapons
  1824 | D:3      | Found a glowing drain.
  1953 | Sewer    | Entered a sewer
  2248 | Sewer    | Noticed a kobold brigand
  2263 | Sewer    | Killed a kobold brigand
  2264 | Sewer    | Reached skill level 6 in Ranged Weapons
  2264 | Sewer    | Reached XP level 6. HP: 42/43 MP: 3/7
  2479 | Sewer    | Noticed a crocodile
  2492 | Sewer    | Killed a crocodile
  2659 | D:3      | Found a white marble altar of Elyvilon.
  2763 | D:3      | Reached XP level 7. HP: 48/48 MP: 8/8
  2811 | D:3      | Reached skill level 7 in Ranged Weapons
  3238 | D:4      | Noticed Ijyb
  4049 | D:4      | Noticed Natasha
  4051 | D:4      | Killed Natasha
  4133 | D:4      | Noticed Natasha
  4135 | D:4      | Killed Natasha
  4136 | D:4      | Reached skill level 8 in Ranged Weapons
  4164 | D:4      | Noticed Natasha
  4170 | D:4      | Killed Natasha
  4381 | D:4      | Found a staircase to the Ecumenical Temple.
  4435 | Temple   | Entered the Ecumenical Temple
  4512 | D:5      | Entered Level 5 of the Dungeon
  4545 | D:5      | Reached XP level 8. HP: 54/54 MP: 9/9
  4619 | D:5      | Incinerated by a bombardier beetle

Illustrated notes

Levels and vault maps discovered:
D:1:      kennysheep_arrival_forest, layout_loops_ring
D:2:      layout_loops_ring, uniq_jessica
D:3:      layout_loops_corners, elyvilon_altar_1, gup_sewer_entry_glass,
          nrook_mini_backslash
D:4:      layout_cave_pools, minmay_temple_entry_fiery, uniq_ijyb, uniq_natasha
D:5:      layout_basic, enter_ossuary_2, minmay_misc_feat_x, uniq_grinder,
          uniq_crazy_yiuf_cottage
Temple:   ebering_untended_altars

Skill      XL: |  1  2  3  4  5  6  7 |
---------------+----------------------+-----
Ranged Weapons | 3 4 6 8 |  8.8
Fighting       | |  1.1
Dodging        | |  1.7
Spellcasting   | |  1.1
Hexes          | |  3.6
Fire Magic     | |  1.0

Action                     |  1- 3 |  4- 6 |  7- 9 || total
---------------------------+-------+-------+-------++-------
   Fire: Sling             |    72 |   196 |   119 ||   387
   Cast: Jinxbite          |       |     8 |     5 ||    13
Ability: Dig               |       |     1 |     1 ||     2
  Evoke: Wand              |       |       |     6 ||     6
    Use: Scroll            |       |    11 |     5 ||    16
         Potion            |       |     1 |       ||     1
 Armour: Ring mail         |    12 |    15 |       ||    27
         Leather armour    |       |    81 |    44 ||   125
  Dodge: Dodged            |    10 |    96 |    34 ||   140

Table legend: (Time is in decaauts)
 A = Elapsed time spent in this place.
 B = Non-inter-level travel time spent in this place.
 C = Inter-level travel time spent in this place.
 D = Time resting spent in this place.
 E = Time spent auto-exploring this place.
 F = Levels seen in this place.
 G = Mean time per level.
                   A        B        C        D        E       F      G
               +--------+--------+--------+--------+--------+-----+--------+
         Total |   4754 |   4306 |    448 |    600 |   2859 |   7 |  679.1 |
       Dungeon |   4001 |   3577 |    424 |    409 |   2489 |   5 |  800.2 |
        Temple |     23 |      0 |     23 |      0 |      0 |   1 |   23.0 |
         Sewer |    729 |    729 |      0 |    191 |    369 |   1 |  729.0 |
               +--------+--------+--------+--------+--------+-----+--------+

Top non-repeatable levels by time:
     D:3: 1687 daAuts
     D:1: 765 daAuts
     D:2: 741 daAuts
   Sewer: 729 daAuts
     D:4: 699 daAuts
     D:5: 106 daAuts
  Temple: 23 daAuts
